 Dungeon Crawl Stone Soup version 0.28.0-53-g5a82cb258f (webtiles) character file.

Game seed: 12733876638396120485

195 Jerry the Grasshopper (level 5, -11/42 HPs)
             Began as a Demigod Warper on July 28, 2022.
             Mangled by Menkaure (18 damage)
             ... on level 4 of the Dungeon.
             The game lasted 00:10:40 (4030 turns).

Jerry the Grasshopper (Demigod Warper)              Turns: 4030, Time: 00:10:41

Health: -11/42     AC:  5    Str: 16    XL:     5   Next: 21%
Magic:  11/11      EV: 16    Int: 15    God:
Gold:   150        SH:  0    Dex: 13    Spells: 9/9 levels left

rFire   . . .      SeeInvis .   r - +1 war axe
rCold   . . .      Faith    .   (no shield)
rNeg    . . .      Spirit   .   b - +0 leather armour
rPois   .          Reflect  .   n - +1 hat
rElec   .          Harm     .   (no cloak)
rCorr   .          Rampage  .   l - +0 pair of gloves
Will    .....                   (no boots)
Stlth   +.........              (no amulet)
HPRegen 0.14/turn               h - +4 ring of evasion
MPRegen 0.12/turn               (no ring)

@: no status effects
A: high MP 1, forlorn, divine attributes
a: no special abilities


You were on level 4 of the Dungeon.
You visited 1 branch of the dungeon, and saw 4 of its levels.

You collected 150 gold pieces.

Inventory:

Hand Weapons
 r - a +1 war axe (weapon)
Missiles
 d - 4 boomerangs of dispersal (quivered)
Armour
 b - a +0 leather armour (worn)
 l - a +0 pair of gloves (worn)
 n - a +1 hat (worn)
Jewellery
 h - a +4 ring of evasion (left hand)
Wands
 q - a wand of iceblast (10)
Scrolls
 c - a scroll of blinking
 g - a scroll of enchant weapon
 j - a scroll of fog
Potions
 a - 2 potions of degeneration
 e - 3 potions of heal wounds {unknown}
 f - a potion of magic {unknown}
 i - 2 potions of lignification {unknown}
 m - a potion of curing {unknown}
 o - a potion of might {unknown}
 p - 2 potions of attraction {unknown}
 s - a potion of mutation {unknown}
 t - a potion of ambrosia {unknown}


   Skills:
 + Level 2.7 Fighting
 + Level 2.7 Axes
 - Level 1.3 Throwing
 + Level 2.0 Armour
 - Level 2.0 Dodging
 + Level 2.5 Spellcasting
 + Level 3.4 Translocations


You had 9 spell levels left.
You didn't know any spells.
Your spell library contained the following spells:

 Spells                   Type           Power      Damage    Failure   Level
 Blink                    Tloc           24%        N/A       10%         2
 Gell's Gravitas          Tloc           12%        N/A       19%         3
 Lesser Beckoning         Tloc           12%        N/A       19%         3
 Teleport Other           Tloc           12%        N/A       19%         3
 Manifold Assault         Tloc           12%        N/A       87%         5
 Dispersal                Tloc           6%         N/A       100%        6


Dungeon Overview and Level Annotations

Branches:
Dungeon (4/15)
 Temple: D:4-7

Annotations:
D:4 1 runed translucent door, Crazy Yiuf, Menkaure


Innate Abilities, Weirdness & Mutations

You have an increased reservoir of magic. (+10% MP)
You shall have no god before yourself.
Your divine heritage dramatically boosts your attributes as you level up.


Message History

The adder misses you. The adder bites you but does no damage.
You barely miss the adder.
The adder is almost dead.
The adder bites you but does no damage. The adder completely misses you.
You hit the adder.
You kill the adder!
No target in view!
Menkaure, Prince of Dust comes into view.
Menkaure shouts!
Okay, then.
Menkaure mumbles some strange words.
Menkaure seems to speed up.
Okay, then.
As you read the scroll labelled OQAOW ADDUM, it crumbles to dust.
It is a scroll of enchant weapon.
Your +0 war axe glows red for a moment.
As you read the scroll labelled DATUL BUWIWN, it crumbles to dust.
The scroll dissolves into smoke.
It was a scroll of fog.
As you read the scroll labelled JEGOFF OROKLUK, it crumbles to dust.
It is a scroll of identify.
a - 2 potions of degeneration You throw a boomerang of dispersal.
The boomerang of dispersal hits Menkaure.
Menkaure blinks!
Menkaure closely misses you.
You hit Menkaure.
Menkaure is lightly damaged.
Menkaure points at you and mumbles some strange words.
Pain shoots through your body! Menkaure barely misses you.
You hit Menkaure but do no damage.
Menkaure is lightly damaged.
Menkaure hits you!
You slash Menkaure!
Menkaure is moderately damaged.
Menkaure hits you! x2
* * * LOW HITPOINT WARNING * * *
You closely miss Menkaure.
Menkaure is moderately damaged.
Menkaure hits you!!
You die...

...#........# ..
#......
...#........##.......#
#......
...#........##.......##
#......
...#..................#
#......
...'..................#
#......
...#.####§§§##........#
#......
.########§§§##.......#
#......
.#......§§§.##.......##
#......
.#......§§§§....@M....#
#......
.#......§§§...........#
#......
.#........§...........#
#......
.#...####...##........#
#...... .####
######........# #......
)# .........# #......
.# ##.......## #......
.# ######### #...... .#
#......


You could see Menkaure (fast).

Vanquished Creatures
  A hound (D:4)
  An iguana (D:4)
  An adder (D:4)
  4 gnolls
  An adder skeleton (D:4)
  2 worms
  2 dart slugs
  7 orcs (D:3)
  6 ball pythons
  2 endoplasms
  5 giant cockroaches
  10 goblins
  9 hobgoblins
  4 quokkas
  6 bats
  3 frilled lizards
  5 kobolds
  6 rats
75 creatures vanquished.

Notes
Turn   | Place    | Note
-------+----------+-------------------------------------------
     0 | D:1      | Jerry the Demigod Warper began the quest for the Orb.
     0 | D:1      | Reached XP level 1. HP: 17/17 MP: 5/5
    58 | D:1      | Reached skill level 1 in Throwing
   147 | D:1      | Reached skill level 1 in Armour
   227 | D:1      | Reached XP level 2. HP: 13/24 MP: 7/7
   720 | D:1      | Reached XP level 3. HP: 25/28 MP: 8/8
  1209 | D:2      | Reached skill level 3 in Translocations
  2330 | D:2      | Reached XP level 4. HP: 35/36 MP: 10/10
  3633 | D:4      | Found a runed translucent door.
  3634 | D:4      | Noticed Crazy Yiuf
  3712 | D:4      | Reached XP level 5. HP: 39/42 MP: 11/11
  4015 | D:4      | Noticed Menkaure
  4030 | D:4      | Mangled by Menkaure

Illustrated notes

Levels and vault maps discovered:
D:1:      dpeg_arrival_lava_altar, layout_basic
D:2:      layout_basic
D:3:      layout_basic, basic_ecumenical_altar
D:4:      layout_gridville, uniq_menkaure, uniq_crazy_yiuf_cottage

Skill      XL: |  1  2  3  4  5 |
---------------+----------------+-----
Throwing       | 1 |  1.3
Armour         | 1 2 |  2.0
Axes           | 2 |  2.7
Dodging        | 2 |  2.0
Spellcasting   | 2 |  2.5
Fighting       | 2 |  2.7
Translocations | 3 |  3.4

Action                   |  1- 3 |  4- 6 || total
-------------------------+-------+-------++-------
Melee: Hand axe          |   143 |    41 ||   184
       Punch             |     1 |       ||     1
       War axe           |       |    76 ||    76
Throw: Boomerang         |       |     1 ||     1
  Use: Scroll            |       |     3 ||     3
 Stab: Sleeping          |     2 |     1 ||     3
Armor: Leather armour    |    38 |    27 ||    65
Dodge: Dodged            |   134 |   108 ||   242
